 Seeded DCSS version 0.31-a0-835-g2a3a5bc3be (webtiles) character file.

Game seed: 4650116273386822121 (custom seed)

54 qw the Chopper (level 3, 23/23 HPs)
             Began as a Gargoyle Fighter on Sept 25, 2023.
             Quit the game on level 3 of the Dungeon.
             The game lasted 00:01:00 (1548 turns).

qw the Chopper (Gargoyle Fighter)                   Turns: 1548, Time: 00:01:01

Health: 23/23      AC: 10    Str: 21    XL:     3   Next: 91%
Magic:  3/3        EV: 14    Int:  8    God:
Gold:   47         SH:  4    Dex:  9    Spells: 2/2 levels left

rFire   . . .        Y - +0 war axe (elec)
rCold   . . .        c - +0 buckler
rNeg    + . .        b - +0 scale mail
rPois   inf          (no helmet)
rElec   +            (no cloak)
rCorr   .            (no gloves)
SInv    .            (no boots)
Will    .....        o - amulet of regeneration Stlth
                     g - +5 ring of evasion
HPRegen 1.03/turn    (no ring)
MPRegen 0.08/turn

%: no passive effects
@: no status effects
A: sickness immunity, AC +3, negative energy resistance 1, electricity
resistance, torment resistance 1, petrification resistance
a: no special abilities


You were on level 3 of the Dungeon.
You visited 1 branch of the dungeon, and saw 3 of its levels.

You collected 119 gold pieces.
You spent 72 gold pieces at shops.


Innate Abilities, Weirdness & Mutations

You are immune to sickness and miasma.
Your stone body is resilient. (AC +3)
You are immune to poison.
You resist negative energy. (rN+)
You are resistant to electric shocks. (rElec)
You are resistant to unholy torment.
You are immune to petrification.


   Skills:
 - Level 3.2 Fighting
 + Level 3.4 Axes
 - Level 1.0 Throwing
 - Level 3.2 Armour
 - Level 3.2 Shields


You had 2 spell levels left.
You didn't know any spells.
Your spell library was empty.

Inventory:

Hand Weapons
 h - a +0 mace
 Y - a +0 war axe of electrocution (weapon)
Missiles
 e - 5 javelins (quivered)
Armour
 b - a +0 scale mail (worn)
 c - a +0 buckler (worn)
Jewellery
 g - a +5 ring of evasion (left hand)
 o - an amulet of regeneration (around neck)
Scrolls
 j - a scroll of identify
Potions
 a - a potion of curing {unknown}
 d - a potion of might
 i - a potion of heal wounds {unknown}
 k - a potion of lignification {unknown}
 l - a potion of haste
 m - a potion of ambrosia {unknown}

Dungeon Overview and Level Annotations

Branches:
Dungeon (3/15)

Altars:
Dithmenos

Shops:
D:2 (


Message History

You continue putting on your amulet of regeneration. x5
You finish putting on your amulet of regeneration.
The amulet throbs as it attunes itself to your uninjured body.
o - an amulet of regeneration (around neck) Done exploring.
1475 ||| READING scroll labelled CYDAUWIASM.
As you read the scroll labelled CYDAUWIASM, it crumbles to dust.
The air around you briefly surges with heat, but it dissipates.
It was a scroll of immolation.
Done exploring.
1476 ||| READING scroll labelled LOUXEU DEVVOUQ.
As you read the scroll labelled LOUXEU DEVVOUQ, it crumbles to dust.
You feel strangely unstable.
It was a scroll of teleportation.
You start waiting.
Your surroundings suddenly seem different.
Done exploring.
1480 ||| DRINKING 2 smoky green potions.
It was a potion of haste.
You feel yourself speed up.
Done exploring.
What level of the Dungeon? (default 2, ? - help)
There is a stone staircase leading down here.
You climb downwards.
You hear the sound of rushing water.
There is an entrance to a sewer on this level.
Hurry and find it before the portal rusts away!
There is a stone staircase leading up here.
Waypoint 2 assigned to D:3.
1516 ||| PLANNING SEWER Your extra speed is starting to run out.
You feel yourself slow down.
An adder comes into view.
The adder hisses angrily.
You throw a javelin.
The javelin pierces through the adder but does no damage.
You hear the sound of rushing water.
There is an entrance to a sewer on this level.
Hurry and find it before the portal rusts away!
Welcome back, qw the Gargoyle Fighter.
Game seed: 4650116273386822121 (custom seed) Press ? for a list of commands and other information.
1548 ||| PLANNING SEWER Are you sure you want to abandon this character and quit the game? (Confirm with "yes".)

#( #.# .. .. #.
#. #.######
#!@....#
#......#
#....#.#
#.####.###.#
#.#........#
#.#.#.#######.#
..#.#.........#
###.####.######
#........#


There were no monsters in sight!

Vanquished Creatures
  An adder (D:2)
  2 dart slugs
  7 endoplasms
  3 giant cockroaches (D:1)
  A goblin (D:1)
  3 hobgoblins (D:1)
  4 kobolds
  4 quokkas
  6 ball pythons
  4 bats (D:1)
  A frilled lizard (D:1)
  A rat (D:1)
37 creatures vanquished.

Notes
Turn   | Place    | Note
-------+----------+-------------------------------------------
     0 | D:1      | qw the Gargoyle Fighter began the quest for the Orb.
     0 | D:1      | Reached XP level 1. HP: 14/14 MP: 1/1
     0 | D:1      | 0 ||| qw: Version: 0.3-a-91-g89a76e4
     0 | D:1      | 0 ||| qw: Game counter: 35
     0 | D:1      | 0 ||| qw: Melee chars always use a shield: true
     0 | D:1      | 0 ||| qw: God list: Okawaru
     0 | D:1      | 0 ||| qw: Allow faded altars: false
     0 | D:1      | 0 ||| qw: Do Orc after clearing Dungeon:15 true
     0 | D:1      | 0 ||| qw: Do second Lair branch before Depths: true
     0 | D:1      | 0 ||| qw: Lair rune preference: random
     0 | D:1      | 0 ||| qw: Goals: Normal
     0 | D:1      | 0 ||| PLANNING D:1-11
    21 | D:1      | 21 ||| Stepping ~*~*~tactically~*~*~ (stealth).
    91 | D:1      | Reached XP level 2. HP: 19/19 MP: 2/2
   326 | D:1      | Reached skill level 3 in Axes
   342 | D:1      | 342 ||| Stepping ~*~*~tactically~*~*~ (hiding).
   343 | D:1      | 343 ||| Stepping ~*~*~tactically~*~*~ (hiding).
   344 | D:1      | 344 ||| Stepping ~*~*~tactically~*~*~ (hiding).
   345 | D:1      | 345 ||| Stepping ~*~*~tactically~*~*~ (hiding).
   346 | D:1      | 346 ||| Stepping ~*~*~tactically~*~*~ (hiding).
   347 | D:1      | 347 ||| Stepping ~*~*~tactically~*~*~ (hiding).
   356 | D:1      | 356 ||| Stepping ~*~*~tactically~*~*~ (stealth).
   362 | D:1      | Reached XP level 3. HP: 23/23 MP: 3/3
   363 | D:1      | 363 ||| DROPPING +0 club.
   386 | D:1      | 386 ||| PLANNING D:1-11
   738 | D:1      | 738 ||| UPGRADING to +5 ring of evasion.
   739 | D:1      | 739 ||| READING scroll labelled LAEHI BEGGOAT.
   740 | D:1      | 740 ||| READING scroll labelled VOLOR SAGATOHE.
   741 | D:1      | 741 ||| READING scroll labelled HAZEF PIS FEF.
   742 | D:1      | 742 ||| READING 2 scrolls labelled CINGURYQO.
   743 | D:1      | 743 ||| READING scroll labelled MYUHAFU AG VUH.
   793 | D:2      | 793 ||| Stepping ~*~*~tactically~*~*~ (stealth).
   794 | D:2      | 794 ||| Stepping ~*~*~tactically~*~*~ (stealth).
   795 | D:2      | 795 ||| Stepping ~*~*~tactically~*~*~ (stealth).
   800 | D:2      | 800 ||| Stepping ~*~*~tactically~*~*~ (stealth).
   806 | D:2      | 806 ||| Stepping ~*~*~tactically~*~*~ (stealth).
   808 | D:2      | 808 ||| Stepping ~*~*~tactically~*~*~ (stealth).
   810 | D:2      | 810 ||| Stepping ~*~*~tactically~*~*~ (stealth).
   813 | D:2      | 813 ||| Stepping ~*~*~tactically~*~*~ (stealth).
   829 | D:2      | 829 ||| Stepping ~*~*~tactically~*~*~ (stealth).
   835 | D:2      | Reached skill level 1 in Throwing
   967 | D:2      | Found Likharch's Antique Weapon Boutique.
   976 | D:2      | 976 ||| BUYING mace (72 gold).
   976 | D:2      | Bought a mace for 72 gold pieces
   976 | D:2      | 976 ||| DROPPING +0 whip.
  1289 | D:2      | Found a shadowy altar of Dithmenos.
  1470 | D:2      | 1470 ||| UPGRADING to amulet of regeneration.
  1475 | D:2      | 1475 ||| READING scroll labelled CYDAUWIASM.
  1476 | D:2      | 1476 ||| READING scroll labelled LOUXEU DEVVOUQ.
  1480 | D:2      | 1480 ||| DRINKING 2 smoky green potions.
  1516 | D:3      | 1516 ||| PLANNING SEWER
  1548 | D:3      | 1548 ||| PLANNING SEWER
  1548 | D:3      | Quit the game

Levels and vault maps discovered:
D:1:      moated_graveyard_arrival, layout_basic, st_stairs_12, minmay_3d_cube
D:2:      layout_loops_cross, serial_shops, nicolae_lakefront_shop, basic_altar,
          ebering_dispersal_statue_hall
D:3:      layout_basic, lemuel_coloured_pillars_altar, gup_sewer_entry_bowl

Skill      XL: |  1  2  3 |
---------------+----------+-----
Axes           | 2 3 |  3.4
Throwing       | 1 |  1.0
Fighting       | |  3.2
Armour         | |  3.2
Shields        | |  3.2

Action                     || total
---------------------------++-------
  Melee: War axe           ||    82
  Throw: Javelin           ||     6
    Use: Scroll            ||     7
         Potion            ||     1
 Armour: Scale mail        ||    46
  Dodge: Dodged            ||    24
  Block: Buckler           ||    13

Table legend:
 A = Non-vault XP
 B = Vault XP
 C = Vault XP percentage of total XP
 D = Non-vault monster count
 E = Vault monster count
 F = Vault count percentage of total count
                 A         B        C        D         E       F
            +---------+---------+-------+---------+---------+-------
      Total |      64 |      14 |  17.9 |      30 |       7 |  18.9
            +---------+---------+-------+---------+---------+-------
        D:1 |      36 |      14 |  28.0 |      22 |       7 |  24.1
        D:2 |      28 |       0 |   0.0 |       8 |       0 |   0.0
            +---------+---------+-------+---------+---------+-------
